 Dungeon Crawl Stone Soup version 0.17-a0-1078-g243345b (webtiles) character file.

416 abixa the Ruffian (level 6, -8/53 HPs)
             Began as a Troll Wizard on May 19, 2015.
             Mangled by an ogre
             ... wielding a cursed +0 giant club
              (29 damage)
             ... on level 3 of the Dungeon.
             The game lasted 00:12:48 (2923 turns).

abixa the Ruffian (Troll Wizard)                    Turns: 2923, Time: 00:12:48

Health: -8/53      AC:  5    Str: 16    XL:     6   Next: 60%
Magic:  8/8        EV:  9    Int: 16    God:
Gold:   177        SH:  0    Dex:  8    Spells: 2 memorised, 6 levels left

rFire  . . .     SeeInvis .       - Unarmed
rCold  . . .     Clarity  .     a - +0 robe
rNeg   . . .     SustAb   .     (no shield)
rPois  .         Gourm    +     b - +0 hat
rElec  .         Spirit   .     (no cloak)
rCorr  .         Warding  .     (gloves unavailable)
rMut   .         Stasis   .     (boots unavailable)
MR     .....                    (no amulet)
Stlth  +.........               (no ring)
                                (no ring)

@: not resistant to hostile enchantments, very unstealthy
A: unfitting armour, claws 3, fast metabolism 3, gourmand, regeneration 2,
shaggy fur 1, tough skin 2
a: no special abilities


You were on level 3 of the Dungeon.
You were not hungry.

You visited 2 branches of the dungeon, and saw 6 of its levels.

You collected 177 gold pieces.

Inventory:

Hand weapons
 e - a +0 spear
 p - a +0 hunting sling
Missiles
 f - 43 sling bullets
 h - 23 arrows
 i - 72 stones (quivered)
 l - 12 poisoned needles
 v - 6 tomahawks
Armour
 a - a +0 robe (worn)
 b - a +0 hat (worn)
Magical devices
 C - a wand of teleportation (7)
Scrolls
 g - a scroll of immolation {unknown}
 j - 7 scrolls of identify {unknown}
 n - a scroll of teleportation {unknown}
 s - a scroll of remove curse {unknown}
 u - a scroll of enchant armour {unknown}
 x - a scroll of blinking {unknown}
 y - 2 scrolls of recharging {unknown}
 B - a scroll of random uselessness {unknown}
Potions
 k - a potion of lignification {unknown}
 o - 2 potions of heal wounds {unknown}
 r - a potion of flight {unknown}
 w - 2 potions of brilliance {unknown}
 A - 2 potions of curing {unknown}
Books
 c - a book of Minor Magic

   Spells                             Type                      Level
   a - Magic Dart                     Conjuration                  1
   b - Blink                          Translocation                2
   c - Call Imp                       Summoning                    2
   d - Repel Missiles                 Charms/Air                   2
   e - Slow                           Hexes                        2
   f - Conjure Flame                  Conjuration/Fire             3
   g - Mephitic Cloud                 Conjuration/Poison/Air       3
Comestibles
 d - 2 bread rations
 m - a beef jerky
 q - a slice of pizza
 t - 3 fruits
 z - 2 meat rations


   Skills:
 - Level 1.5 Dodging
 - Level 1.1 Stealth
 + Level 6.8 Unarmed Combat
 - Level 2.0 Spellcasting
 - Level 0.6 Conjurations
   Level 0.6 Summonings
 - Level 0.6 Translocations


You had 6 spell levels left.
You knew the following spells:

 Your Spells              Type           Power        Failure   Level  Hunger
a - Magic Dart            Conj           #...         17%         1    #......
b - Blink                 Tloc           N/A          24%         2    ###....


Dungeon Overview and Level Annotations

Branches:
Dungeon (5/15)             Temple (1/1) D:4

Altars:
Ashenzari
Cheibriados
Dithmenos
Elyvilon
Fedhas
Gozag
Makhleb
Nemelex Xobeh
Qazlal
Ru
Sif Muna
Trog
Zin
The Shining One

Annotations:
D:2 Sigmund
D:4 Baka's ghost, average GrFi


Innate Abilities, Weirdness & Mutations

You are too large for most types of armour.
You have claws for hands.
Your metabolism is lightning-fast.
You like to eat raw meat.
You heal very quickly.
You are covered in fur (AC +1).
You have very tough skin (AC +2).


Message History

There are monsters nearby!
You claw the bat!
You kill the bat!
The ogre hits you with a giant club! The ogre hits you with a giant club.
You climb upwards.
There is a stone staircase leading down here.
You claw the ogre!
The ogre begins to bleed from its wounds!
The ogre is moderately wounded.
The ogre closely misses you. The ogre barely misses you.
You barely miss the ogre.
The ogre is moderately wounded.
You scratch the ogre but do no damage.
The ogre is heavily wounded.
The ogre misses you. The ogre hits you with a giant club!
You barely miss the ogre.
The ogre is heavily wounded.
The ogre is no longer bleeding.
The ogre hits you with a giant club!!
Ouch! That really hurt!
You die...

#.# #.# #.# #.# #.#
#.# #.# #####.###.#
#.# #.........# #.#
#.###...#.# ##.#
#.# ###...# ...#
##.# #.#.#
#..#####..#####.#O#
#...............#@#
#...≈.......≈.#.#O#
#...≈≈≈.≈.≈≈..#.#.#
#..≈≈≈#≈#'#≈..#.#.#
#...≈#≈≈≈≈≈≈≈.#.#.#
.....≈≈>8≈#≈≈.....#
#.≈..≈≈_.≈#≈≈≈..###
#....≈≈≈≈≈#....##
#...≈##≈###....#


You could see 2 ogres.

Vanquished Creatures
  An ogre (D:5)
  A hound (D:5)
  An orc wizard (D:3)
  3 worker ants
  Robin (D:2)
  4 gnolls (D:5)
  6 adders
  An ooze (D:3)
  A worm (D:3)
  3 giant geckos
  11 orcs
  A ball python (D:1)
  6 bats
  14 goblins
  10 hobgoblins
  8 jackals
  5 giant cockroaches
  6 kobolds
  10 rats
93 creatures vanquished.

Notes
Turn   | Place    | Note
--------------------------------------------------------------
     0 | D:1      | abixa the Troll Wizard began the quest for the Orb.
     0 | D:1      | Reached XP level 1. HP: 16/16 MP: 2/2
    74 | D:1      | Reached skill level 1 in Unarmed Combat
   432 | D:1      | Reached XP level 2. HP: 9/24 MP: 4/4
   446 | D:1      | Learned a level 2 spell: Blink
   853 | D:2      | Noticed Robin
   874 | D:2      | Killed Robin
   874 | D:2      | Reached XP level 3. HP: 28/31 MP: 5/5
   904 | D:2      | Reached skill level 3 in Unarmed Combat
   960 | D:2      | Noticed Sigmund
  1097 | D:3      | Found a glowing golden altar of the Shining One.
  1181 | D:3      | Reached XP level 4. HP: 33/39 MP: 6/6
  1216 | D:3      | Reached skill level 4 in Unarmed Combat
  1464 | D:3      | Reached XP level 5. HP: 39/45 MP: 7/7
  1519 | D:3      | Found a stormy altar of Qazlal.
  1529 | D:3      | Reached skill level 5 in Unarmed Combat
  1678 | D:3      | You fall through a shaft for 2 floors!
  1678 | D:5      | Entered Level 5 of the Dungeon
  1888 | D:4      | Found a staircase to the Ecumenical Temple.
  1897 | Temple   | Entered the Ecumenical Temple
  1966 | D:4      | Noticed Baka's ghost (average GrFi)
  2070 | D:5      | Reached skill level 6 in Unarmed Combat
  2070 | D:5      | Reached XP level 6. HP: 53/53 MP: 8/8
  2071 | D:5      | Noticed an ogre
  2097 | D:5      | Killed an ogre
  2916 | D:4      | Noticed an ogre
  2923 | D:3      | Mangled by an ogre

Vault maps used:
D:1:      dpeg_arrival_court
D:2:      lemuel_round_altar, uniq_robin, uniq_sigmund
D:3:      old_standard_altar, nicolae_qazlal_general_emergency, minivault_14,
          saegor_snake_ambush
D:4:      minmay_temple_entry_statues_fountains, serial_shops, shop
D:5:      first_bread, fedhas_altar_4
Temple:   triangle_lava_temple_12

Action                   |  1- 3 |  4- 6 || total
-------------------------+-------+-------++-------
Melee: Unarmed           |   109 |   190 ||   299
  Eat: Chunk             |    16 |    12 ||    28
